 Dungeon Sprint DCSS version 0.17-a0-1939-ga475588 (webtiles) character file.

5079 pipel the Zephyrmancer (level 10, -3/79 HPs)
             Began as an Octopode Air Elementalist on Sept 29, 2015.
             Was the Champion of Vehumet.
             Slain by a six-headed hydra (7 damage)
             ... in the Dungeon (Sprint IX: "|||||||||||||||||||||||||||||").
             The game lasted 00:06:13 (515 turns).

pipel the Zephyrmancer (Octopode Air Elementalist)   Turns: 515, Time: 00:06:13

Health: -3/79      AC:  6    Str:  7    XL:     10   Next: 56%
Magic:  11/25      EV: 18    Int: 23    God:    Vehumet [******]
Gold:   0          SH:  0    Dex: 17    Spells: 3 memorised, 23 levels left

rFire  . . .     SeeInvis .     a - +2 scimitar (protect)
rCold  . . .     Clarity  .     (no shield)
rNeg   . . .     SustAt   .     (helmet restricted)
rPois  .         Gourm    .     (no amulet)
rElec  .         Spirit   .     p - +3 ring of intelligence
rCorr  .         Warding  .     q - +3 ring of dexterity
rMut   .         NoTele   +     (no ring)
MR     .....                    (no ring)
Stlth  +++.......               (no ring)
                                (no ring)
                                (no ring)
                                (no ring)

@: repel missiles, not resistant to hostile enchantments, fairly stealthy
A: almost no armour, amphibious, 8 rings, constrict 8, camouflage 1, gelatinous
body 1
a: Renounce Religion


You were in the Dungeon.
You worshipped Vehumet.
Vehumet was exalted by your worship.
You were not hungry.

You visited 1 branch

Inventory:

Hand weapons
 a - a +2 scimitar of protection (weapon)
 i - a +0 club
Magical staves
 b - an uncursed staff of energy
Jewellery
 p - a +3 ring of intelligence (left tentacle)
 q - a +3 ring of dexterity (right tentacle)
Magical devices
 m - a wand of cold (3)
Scrolls
 h - 3 scrolls of blinking
 k - 3 scrolls of remove curse
 l - 2 scrolls of amnesia
 v - 4 scrolls of enchant weapon
 w - 2 scrolls of enchant armour
 x - a scroll of identify
Potions
 c - 5 potions of curing
 d - 3 potions of heal wounds
 e - 2 potions of haste
 f - 4 potions of magic
 g - a potion of invisibility
 r - a potion of cure mutation
 s - a potion of berserk rage
 t - 3 potions of might
 u - a potion of resistance
Books
 o - a book of Air

   Spells                             Type                      Level
   a - Shock                          Conjuration/Air              1
   b - Swiftness                      Charms/Air                   2
   c - Repel Missiles                 Charms/Air                   2
   d - Static Discharge               Conjuration/Air              3
   e - Lightning Bolt                 Conjuration/Air              5
Comestibles
 j - 6 chunks of flesh
 n - a bread ration


   Skills:
 + Level 11.4 Fighting
 + Level 8.5 Dodging
 - Level 2.6 Stealth
 + Level 11.2 Spellcasting
 + Level 11.6 Conjurations
 + Level 11.9 Air Magic


You had 23 spell levels left.
You knew the following spells:

 Your Spells              Type           Power        Failure   Level  Hunger
a - Shock                 Conj/Air       ####         1%          1    None
b - Repel Missiles        Chrm/Air       #####.       1%          2    None
c - Lightning Bolt        Conj/Air       ######....   1%          5    ####...


Dungeon Overview and Level Annotations

Branches:
Dungeon (1/1)

Altars:
Cheibriados
Dithmenos
Elyvilon
Fedhas
Gozag
Kikubaaqudgha
Makhleb
Nemelex Xobeh
Okawaru
Qazlal
Ru
Sif Muna
Trog
Vehumet
Xom
Yredelemnul
Zin
The Shining One
Beogh
Jiyva
Lugonu


Innate Abilities, Weirdness & Mutations

You cannot wear most types of armour.
You are amphibious.
You can wear up to eight rings at the same time.
You can use your tentacles to constrict eight enemies at once.
Your skin changes colour to match your surroundings (Stealth).
Your rubbery body absorbs attacks (AC +1).


Message History

The six-headed hydra bites you!
* * * LOW HITPOINT WARNING * * *
The six-headed hydra completely misses you.
The six-headed hydra bites you.
* * * LOW HITPOINT WARNING * * *
You take 36 damage, and have 4/79 hp.
MASSIVE DAMAGE!!
You now have 15/25 mp.
Casting: Lightning Bolt
Confirm with . or Enter, or press ? or * to list all spells.
Aiming: Lightning Bolt
Press: ? - help, Shift-Dir - straight line, f/p - six-headed hydra
Aim: a six-headed hydra (heavily wounded)
You hear a mighty clap of thunder!
The bolt of lightning misses the six-headed hydra.
The bolt of lightning hits the water moccasin.
You kill the water moccasin!
Vehumet accepts your kill.
You feel your power returning. The six-headed hydra barely misses you.
The six-headed hydra closely misses you.
The six-headed hydra bites you!
You die...

▓.▓.▓.▓
▓.▓.▓.▓
▓.▓.▓)▓
▓.▓.▓[▓
▓.▓.▓.▓
▓'▓.▓.▓
▓_▓.▓.▓
▓_▓.▓.▓
▓_▓.▓@▓
▓_▓.▓D▓
▓_▓.▓†▓
▓_▓.▓.▓
▓_▓.▓.▓
▓_▓.▓.▓
▓_▓.▓.▓
▓_▓.▓†▓
▓_▓.▓.▓


You could see a six-headed hydra.

Vanquished Creatures
  A hydra (D)
  A death yak (D)
  A hill giant (D)
  2 griffons (D)
  A komodo dragon (D)
  3 spiny frogs (D)
  A blink frog (D)
  A yak (D)
  3 water moccasins (D)
  An orc warrior (D)
  A black bear (D)
  2 crocodiles (D)
  A big kobold (D)
  5 giant frogs (D)
  2 crimson imps (D)
  A hound (D)
  An iguana (D)
  A worker ant (D)
  2 orcs (D)
  A goblin (D)
  A hobgoblin (D)
  A kobold (D)
  A ball python skeleton (D)
  2 bats (D)
  A giant gecko zombie (D)
  A quokka skeleton (D)
39 creatures vanquished.

Notes
Turn   | Place    | Note
--------------------------------------------------------------
     0 | D        | pipel the Octopode Air Elementalist began the quest for the Orb.
     0 | D        | Reached XP level 1. HP: 11/11 MP: 3/3
    63 | D        | Noticed a worker ant
    63 | D        | Noticed a hound
    67 | D        | Reached XP level 2. HP: 12/17 MP: 1/6
    68 | D        | Reached skill level 4 in Spellcasting
    73 | D        | Killed a worker ant
    73 | D        | Reached XP level 3. HP: 14/24 MP: 0/9
    75 | D        | Killed a hound
    75 | D        | Reached skill level 5 in Spellcasting
    75 | D        | Reached XP level 4. HP: 15/31 MP: 0/11
    82 | D        | Found a glowing silver altar of Zin.
    82 | D        | Found a glowing golden altar of the Shining One.
    82 | D        | Found an ancient bone altar of Kikubaaqudgha.
    82 | D        | Found a basalt altar of Yredelemnul.
    82 | D        | Found a shimmering altar of Xom.
    82 | D        | Found a radiant altar of Vehumet.
    83 | D        | Found an iron altar of Okawaru.
    84 | D        | Found a burning altar of Makhleb.
    85 | D        | Found a deep blue altar of Sif Muna.
    86 | D        | Found a bloodstained altar of Trog.
    87 | D        | Found a sparkling altar of Nemelex Xobeh.
    88 | D        | Found a white marble altar of Elyvilon.
    89 | D        | Found a roughly hewn altar of Beogh.
    90 | D        | Became a worshipper of Vehumet
    91 | D        | Found a viscous altar of Jiyva.
    92 | D        | Found a corrupted altar of Lugonu.
    93 | D        | Found a blossoming altar of Fedhas.
    94 | D        | Found a snail-covered altar of Cheibriados.
    95 | D        | Found a shadowy altar of Dithmenos.
    96 | D        | Found a stormy altar of Qazlal.
    97 | D        | Found an opulent altar of Gozag.
    98 | D        | Found a sacrificial altar of Ru.
   130 | D        | Learned a level 2 spell: Repel Missiles
   227 | D        | Noticed a yak
   227 | D        | Noticed a crocodile
   227 | D        | Noticed a giant frog
   227 | D        | Noticed a hill giant
   227 | D        | Noticed a big kobold
   231 | D        | Killed a yak
   231 | D        | Reached skill level 5 in Fighting
   231 | D        | Reached skill level 6 in Spellcasting
   231 | D        | Reached skill level 5 in Conjurations
   231 | D        | Reached XP level 5. HP: 30/39 MP: 9/13
   232 | D        | Killed a crocodile
   232 | D        | Acquired Vehumet's first power
   232 | D        | Offered knowledge of Sting by Vehumet.
   232 | D        | Reached XP level 6. HP: 33/46 MP: 9/15
   232 | D        | Killed a giant frog
   232 | D        | Reached skill level 7 in Spellcasting
   234 | D        | Killed a hill giant
   234 | D        | Reached skill level 8 in Fighting
   234 | D        | Reached XP level 7. HP: 36/55 MP: 8/19
   235 | D        | Killed a big kobold
   235 | D        | Reached skill level 9 in Air Magic
   235 | D        | Reached XP level 8. HP: 41/61 MP: 9/20
   249 | D        | Learned a level 5 spell: Lightning Bolt
   262 | D        | Noticed a crimson imp
   262 | D        | Noticed a giant frog
   262 | D        | Noticed an orc warrior
   262 | D        | Noticed a six-headed hydra
   262 | D        | Noticed a crimson imp
   267 | D        | Killed a giant frog
   268 | D        | Killed a crimson imp
   268 | D        | Killed an orc warrior
   268 | D        | Acquired Vehumet's second power
   269 | D        | Killed a crimson imp
   270 | D        | Killed a six-headed hydra
   270 | D        | Reached skill level 10 in Air Magic
   270 | D        | Reached XP level 9. HP: 6/69 MP: 7/22
   422 | D        | Noticed a giant frog
   422 | D        | Noticed a blink frog
   422 | D        | Noticed a komodo dragon
   422 | D        | Noticed a black bear
   422 | D        | Noticed an iguana
   422 | D        | Noticed a giant frog
   424 | D        | Noticed a crocodile
   426 | D        | Killed an iguana
   426 | D        | Offered knowledge of Searing Ray by Vehumet.
   426 | D        | Reached skill level 5 in Dodging
   428 | D        | Noticed a giant frog
   430 | D        | Killed a giant frog
   430 | D        | Acquired Vehumet's third power
   431 | D        | Noticed a spiny frog
   431 | D        | Killed a komodo dragon
   431 | D        | Killed a black bear
   431 | D        | Killed a giant frog
   431 | D        | Reached skill level 10 in Spellcasting
   431 | D        | Reached skill level 10 in Conjurations
   431 | D        | Killed a spiny frog
   431 | D        | Reached skill level 10 in Fighting
   432 | D        | Killed a blink frog
   432 | D        | Killed a giant frog
   433 | D        | Killed a crocodile
   473 | D        | Noticed a spiny frog
   473 | D        | Noticed a water moccasin
   473 | D        | Noticed a water moccasin
   473 | D        | Noticed a death yak
   473 | D        | Noticed a griffon
   473 | D        | Noticed a griffon
   474 | D        | Killed a water moccasin
   475 | D        | Killed a spiny frog
   475 | D        | Reached skill level 11 in Air Magic
   477 | D        | Noticed a six-headed hydra
   477 | D        | Killed a griffon
   477 | D        | Reached XP level 10. HP: 35/77 MP: 4/24
   477 | D        | Killed a griffon
   478 | D        | Noticed a spiny frog
   478 | D        | Killed a water moccasin
   479 | D        | Killed a death yak
   479 | D        | Killed a spiny frog
   480 | D        | Noticed a water moccasin
   515 | D        | Killed a water moccasin
   515 | D        | Slain by a six-headed hydra

Vault maps used:
D:        linesprint

Action                   |  1- 3 |  4- 6 |  7- 9 | 10-12 || total
-------------------------+-------+-------+-------+-------++-------
Melee: Unarmed           |     6 |       |       |       ||     6
 Cast: Shock             |     7 |     3 |    14 |       ||    24
       Repel Missiles    |       |     1 |       |       ||     1
       Lightning Bolt    |       |       |     9 |     6 ||    15
Evoke: Wand              |       |     3 |     1 |       ||     4
       Staff of energy   |       |       |     3 |     5 ||     8
  Use: Potion            |     1 |       |       |       ||     1
  Eat: Chunk             |       |       |       |     2 ||     2
